Unix NetHack Version 5.0.0-0 post-release - last build May 10 2026 23:12:36 (d1fa5d53e341ca933230fdaa984d921c805b60aa,branch:main).

Game began 2026-05-12 17:28:23, ended 2026-05-12 19:45:45.

BaeHund, chaotic female elven Priestess

                        --------------------------------
                        |..............................|
    |                   |...------+-----.----  -----  .|
    |.         #########....|...|  |%!.-.|..|  |[)*|  .|
    |....>.  ###########|...|...|  |!..|.-..|  |)(+| ..|
    |.                  |...|...|-------.---|  |..+| ..|
    --                  |...--|--...........--+--|--...|
                       #|..........@........[..........|
                    ####-......@.{f---|---.{)..%.......|
                    #  #|.....a@...|.....|.............|
                    #   |...---|-..|.....|....---|-....|
         ------ #####   |...|...||-|.._..|.--||...|---.|
         |....| #       |...|+)+|..|.....|.|..|(((|    -
         |....|##       |...|.+.|..|------.|..|(((|    |
         |..<.|#        |...--------.......----------- |
         |.....#        |..............................|
         ------         --------------------------------

BaeHund the Acolyte          St:13 Dx:11 Co:14 In:10 Wi:19 Ch:10  Chaotic
Dlvl:7  $:644 HP:0(33) Pw:81(81) AC:-2 Xp:5 T:3026 

Latest messages:
 The straw golem hits!
 The large cat bites the watchman.
 The watchman thrusts her spear at the large cat.
 The watchman hits the large cat.
 The large cat bites the straw golem.
 The straw golem misses the large cat.
 The straw golem misses the large cat.
 You miss the straw golem.
 The straw golem misses!
 The straw golem misses!
 The large cat bites the straw golem.
 The straw golem hits the large cat.
 The straw golem knocks your large cat backward with a forceful blow!
 You miss the straw golem.
 The straw golem hits!
 The straw golem misses!
 The large cat bites the straw golem.
 The straw golem hits the large cat.
 The straw golem hits the large cat.
 The straw golem knocks your large cat backward with a forceful blow!
 You destroy the straw golem!
 "Hello, BaeHund!  Welcome again to Nenagh's rare books!"
 What do you want to drop? [$a-dilo-sux-zA-HJ or ?*] ?
 You drop a spellbook of cure blindness.
 Nenagh offers 100 gold pieces for your spellbook of cure blindness.  Sell it? [ynaq] (n) y
 You sold a spellbook of cure blindness for 100 gold pieces.
 The large cat picks up a spear.
 The large cat drops a spear.
 The large cat picks up a spellbook of cure blindness.
 The large cat drops a spellbook of cure blindness.
 The large cat picks up a magenta spellbook.
 You stop.  The watchman is in the way!
 "Hello, BaeHund!  Welcome again to Nenagh's rare books!"
 The large cat drops a magenta spellbook.
 You see here a magenta spellbook.
 K - a magenta spellbook.
 You miss the giant beetle.
 The giant beetle bites!
 The large cat picks up a +0 chain mail.
 You hit the giant beetle.
 You hit the giant beetle!
 The giant beetle bites!
 You miss the giant beetle.
 The giant beetle bites!
 You die...
 Do you want your possessions identified? [ynq] (y) y
 Do you want to see your attributes? [ynq] (y) y
 Do you want an account of creatures vanquished? [ynaq] (y) y
 Do you want to see your conduct and achievements? [ynq] (y) y
 Do you want to see the dungeon overview? [ynq] (y) y

Inventory:
 Coins    ('$')
  $ - 644 gold pieces
 Amulets  ('"')
  D - an amulet versus poison
 Weapons  (')')
  a - a blessed +1 mace (weapon in right hand)
 Armor    ('[')
  G - a blessed +1 dented pot (being worn)
  F - a +1 pair of iron shoes (being worn)
  c - a +0 small shield (being worn)
  b - a +0 robe (being worn)
  H - a +2 leather armor (being worn)
 Scrolls  ('?')
  E - a scroll of blank paper
  l - a cursed scroll of blank paper
  z - a scroll of identify
  x - a cursed scroll of light
  y - a scroll of magic mapping
  o - 2 scrolls of teleportation
 Spellbooks  ('+')
  K - a spellbook of haste self
 Potions  ('!')
  u - a potion of confusion
  p - a potion of hallucination
  B - a potion of object detection
  C - a potion of paralysis
  d - 4 potions of holy water
 Rings    ('=')
  r - a ring of invisibility
  q - a ring of poison resistance (on right hand)
 Wands    ('/')
  s - a wand of digging (0:6)
 Tools    ('(')
  A - a blindfold
  i - a magic marker (0:20)

BaeHund the Priestess's attributes:

Background:
 You were an Acolyte, a level 5 elven Priestess.
 You were chaotic, nominally on a mission for Kos
 who was opposed by Issek (lawful) and Mog (neutral).
 You were right-handed.
 You were in the Gnomish Mines, on level 7.
 You entered the dungeon 3026 turns ago.
 You had 205 experience points, 115 more were needed to attain level 6.

Basics:
 You had 0 out of 33 hit points.
 You had all 81 energy points (spell power).
 Your armor class was -2.
 Your wallet contained 644 zorkmids.
 Autopickup was off.

Final Characteristics:
 Your strength was 13 (limit:18).
 Your dexterity was 11 (limit:18).
 Your constitution was 14 (limit:16).
 Your intelligence was 10 (limit:20).
 Your wisdom was 19 (limit:20).
 Your charisma was 10 (limit:18).

Final Status:
 You weren't hungry.
 You were unencumbered.
 You were wielding a mace.
 You had basic skill with mace.

Final Attributes:
 You were piously aligned.
 You were sleep resistant.
 You were poison resistant.
 You had infravision.
 You were guarded.
 Your spell casting was enhanced by wearing a robe.
 You are dead.

Miscellaneous:
 You didn't encounter any bones levels.
 Total elapsed playing time was 1 hour, 27 minutes and 23 seconds.

Major events:
 Turn
    1: BaeHund the chaotic elven Priestess entered the dungeon
  786: entered the Gnomish Mines
 1075: attained the rank of Acolyte (level 3)
 2504: reached Mine Town
 3026: killed by a giant beetle

Spells:
 Name                 Level Category     Fail Retention
 protection             1   clerical       0%   81%-90%
 clairvoyance           3   divination    79%  76%-100%
 cure sickness          3   healing       74%  76%-100%
 magic missile          2   attack        47%  76%-100%
 cure blindness         2   healing       39%  76%-100%

Skills:
 Fighting Skills
   bare handed combat [Unskilled]
 Weapon Skills
   club               [Unskilled]
   mace               [Basic]
   morning star       [Unskilled]
   flail              [Unskilled]
   hammer             [Unskilled]
   quarterstaff       [Unskilled]
   polearms           [Unskilled]
   spear              [Unskilled]
   trident            [Unskilled]
   lance              [Unskilled]
   bow                [Unskilled]
   sling              [Unskilled]
   crossbow           [Unskilled]
   dart               [Unskilled]
   shuriken           [Unskilled]
   boomerang          [Unskilled]
   unicorn horn       [Unskilled]
 Spellcasting Skills
   healing spells     [Unskilled]
   divination spells  [Unskilled]
   clerical spells    [Basic]

Voluntary challenges:
 Character rerolling was not enabled.
 You were an atheist.
 You never genocided any monsters.
 You never polymorphed an object.
 You never changed form.
 You used no wishes.
Achievements:
 You entered the Gnomish Mines.
 You attained the rank of Acolyte.
 You entered Minetown.
 You entered a shop.
 You entered a temple.

 The Dungeons of Doom: levels 1 to 4
    Level 1:
       A fountain.
    Level 2:
       A sink.
    Level 3:
       An altar to Kos, a fountain.
    Level 4:
       A sink.
       Stairs down to The Gnomish Mines.
 The Gnomish Mines: levels 5 to 7
    Level 5:
    Level 6:
    Level 7: <- You were here.
       Many shops, a temple and an altar, some fountains.
       Final resting place for
          you, killed by a giant beetle.


Vanquished creatures:
  a large mimic
  a watchman
  a yellow light
  5 gnome leaders
  3 gnomish wizards
  a straw golem
  a paper golem
  a little dog
  a kitten
  3 dwarves
  a rabid rat
  2 orc zombies
  a hobbit
  a large kobold
  a hobgoblin
  2 giant rats
 20 gnomes
  2 geckos
  4 jackals
  a fox
  a goblin
  2 sewer rats
  5 grid bugs
  4 lichens
  a kobold zombie
  2 newts
68 creatures vanquished.

No species were genocided or became extinct.

Game over:
                       ----------
                      /          \
                     /    REST    \
                    /      IN      \
                   /     PEACE      \
                  /                  \
                  |     BaeHund      |
                  |      644 Au      |
                  |   killed by a    |
                  |   giant beetle   |
                  |                  |
                  |                  |
                  |       2026       |
                 *|     *  *  *      | *
        _________)/\\_//(\/(/\)/\//\/|_)_______

Goodbye BaeHund the Priestess...

You died in The Gnomish Mines on dungeon level 7 with 1710 points,
and 644 pieces of gold, after 3026 moves.
You were level 5 with a maximum of 33 hit points when you died.

